 Dungeon Crawl Stone Soup version 0.27-a0-797-g27d10ad80f (webtiles) character file.

Game seed: 16286893090039621646

452 jabarkas the Insei (level 6, 0/48 HPs)
             Began as a Palentonga Transmuter on Mar 27, 2021.
             Was a Follower of Uskayaw.
             Slain by a gnoll
             ... wielding a +0 whip
              (6 damage)
             ... on level 4 of the Dungeon.
             The game lasted 00:07:07 (4168 turns).

jabarkas the Insei (Palentonga Transmuter)          Turns: 4168, Time: 00:07:07

Health: 0/48       AC:  4    Str: 12 (13) XL:     6   Next: 75%
Magic:  9/10       EV: 10    Int: 12 (13) God:    Uskayaw [*.....]
Gold:   127        SH:  0    Dex: 11 (13) Spells: 5/11 levels left

rFire    . . .     SeeInvis +     - Unarmed
rCold    . . .     Faith    .   (no shield)
rNeg     . . .     Spirit   .   a - +0 robe
rPois    .         Reflect  .   (helmet currently unavailable)
rElec    .         Harm     .   (no cloak)
rCorr    .         Rampage  .   (no gloves)
Will     .....                  (no barding)
Stlth    +.........             (no amulet)
HPRegen  0.16/turn              (no ring)
MPRegen  0.12/turn              (no ring)

@: appendages (expiring)
A: horns 2, talons 2, large, rugged brown scales 3, see invisible, deformed
body, roll 1, armoured tail
a: Rolling Charge, End Transformation, Renounce Religion, Stomp


You were on level 4 of the Dungeon.
You worshipped Uskayaw.
Uskayaw was noncommittal.
You had temporarily grown beastly horns and talons.
You visited 1 branch of the dungeon, and saw 4 of its levels.

You collected 127 gold pieces.

Inventory:

Hand Weapons
 e - a +3 dagger of draining
Missiles
 d - 8 javelins (quivered)
 g - 101 stones
Armour
 a - a +0 robe (worn)
 j - a +0 helmet (melded)
Scrolls
 b - a scroll of fog {unknown}
Potions
 c - a potion of magic {unknown}
 f - 2 potions of curing
 h - a potion of flight {unknown}
 i - a potion of ambrosia
 k - a potion of cancellation {unknown}
 l - 2 potions of degeneration


   Skills:
 + Level 2.3 Fighting
 + Level 2.5 Dodging
 * Level 5.1 Unarmed Combat
 + Level 3.2 Spellcasting
 * Level 4.1 Transmutations
 + Level 0.0 Invocations


You had 5 spell levels left.
You knew the following spells:

 Your Spells              Type           Power      Damage    Failure   Level
a - Beastly Appendage     Tmut           22%        N/A       4%          1
b - Wereblood             Tmut           11%        N/A       7%          2
c - Spider Form           Tmut/Pois      3%         N/A       30%         3

Your spell library contained the following spells:

 Spells                   Type           Power      Damage    Failure   Level
 Animate Skeleton         Necr           2%         N/A       24%         1
 Apportation              Tloc           2%         N/A       24%         1
 Corona                   Hex            1%         N/A       24%         1
 Summon Small Mammal      Summ           4%         N/A       24%         1
 Ice Form                 Ice/Tmut       6%         N/A       71%         4
 Blade Hands              Tmut           5%         N/A       77%         5


Dungeon Overview and Level Annotations

Branches:
Dungeon (4/15)
 Temple: D:4-7

Altars:
Ashenzari
Uskayaw
Zin

Shops:
D:3 *

Annotations:
D:1 exclusion: downstairs


Innate Abilities, Weirdness & Mutations

You have temporarily grown beastly horns and talons.
You are completely covered in rugged brown scales. (AC +3, +7% HP)
You have supernaturally acute eyesight. (SInv)
Armour fits poorly on your strangely shaped body.
You can roll at nearby foes to attack.
You have a long armoured tail.


Message History

Confirm with . or Enter, or press ? or * to list all spells.
You grow a pair of large bovine horns.
Your feet morph into talons.
Your +0 helmet melds into your body.
The orc misses you.
You hit the orc. Your kick misses the orc.
The orc is lightly wounded.
The orc barely misses you.
You closely miss the orc. Your kick misses the orc.
Your tail-slap misses the orc.
You punch the orc.
The orc is almost dead.
The orc hits you but does no damage.
You barely miss the orc. You claw the orc, but do no damage.
You headbutt the orc.
You kill the orc!
The gnoll hits you with a +0 whip.
You hit the gnoll but do no damage. You claw the gnoll.
The gnoll is lightly wounded.
The endoplasm freezes you.
You are frozen.
The gnoll closely misses you.
You hit the gnoll. Your headbutt misses the gnoll.
The gnoll is lightly wounded.
The endoplasm freezes you.
You are frozen.
The gnoll hits you but does no damage.
You hit the gnoll but do no damage.
The gnoll is lightly wounded.
The endoplasm hits you but does no damage.
The gnoll hits you with a +0 whip!
* * * LOW HITPOINT WARNING * * *
You hit the gnoll but do no damage. You claw the gnoll.
You tail-slap the gnoll, but do no damage.
The gnoll is moderately wounded.
The endoplasm closely misses you. The gnoll closely misses you.
You hit the gnoll.
You tail-slap the gnoll, but do no damage.
The gnoll is severely wounded.
Your transformation is almost over.
The endoplasm freezes you.
You are frozen.
* * * LOW HITPOINT WARNING * * *
The gnoll hits you with a +0 whip.
You die...

#
######+#####.#
#............#
#............#
#....Jg......#
####..#@......#
..#..#########
#.#........
#.#...#.#####
#)#...#.....#
#.......# .
#####.#.# .:#.#
#### #


You could see a gnoll and an endoplasm.

Vanquished Creatures
  Sigmund (D:2)
  A bullfrog (D:3)
  A hound (D:3)
  Jessica (D:2)
  Robin (D:2)
  6 adders
  4 worms
  3 orcs (D:4)
  2 endoplasms
  4 giant cockroaches
  20 goblins
  7 hobgoblins
  12 jackals
  3 quokkas
  7 ball pythons
  3 bats
  A frilled lizard (D:2)
  4 kobolds
  7 rats
88 creatures vanquished.

Notes
Turn   | Place    | Note
-------+----------+-------------------------------------------
     0 | D:1      | jabarkas the Palentonga Transmuter began the quest for the
                  | Orb.
     0 | D:1      | Reached XP level 1. HP: 16/16 MP: 3/3
   314 | D:1      | Reached XP level 2. HP: 22/22 MP: 3/5
  1343 | D:2      | Noticed Jessica
  1354 | D:2      | Killed Jessica
  1355 | D:2      | Reached XP level 3. HP: 5/27 MP: 3/6
  1722 | D:2      | Reached skill level 4 in Unarmed Combat
  1722 | D:2      | Reached XP level 4. HP: 28/34 MP: 5/7
  1822 | D:2      | Noticed Sigmund
  1939 | D:3      | Found a broken altar of Ashenzari.
  2064 | D:3      | Learned a level 2 spell: Wereblood
  2068 | D:3      | Learned a level 3 spell: Spider Form
  2071 | D:3      | Found a glowing drain.
  2169 | D:2      | Killed Sigmund
  2170 | D:2      | Reached XP level 5. HP: 29/40 MP: 7/9
  2170 | D:2      | Reached XP level 6. HP: 34/47 MP: 7/10
  2607 | D:2      | Noticed Robin
  2614 | D:2      | Killed Robin
  3287 | D:3      | Reached skill level 5 in Unarmed Combat
  3570 | D:3      | Found Zin's Purification Station.
  3570 | D:3      | Found a glowing silver altar of Zin.
  3945 | D:3      | Found a hide-covered altar of Uskayaw.
  3990 | D:3      | Became a worshipper of Uskayaw the Reveller
  4129 | D:4      | Reached * piety under Uskayaw
  4168 | D:4      | Slain by a gnoll

Illustrated notes

Levels and vault maps discovered:
D:1:      dpeg_arrival_rhombus, layout_basic
D:2:      layout_rooms, minmay_tall_x, uniq_robin, uniq_sigmund, uniq_jessica
D:3:      layout_loops_corners, nicolae_uskayaw_suspiria, zin_purify,
          portal_sewer_entry_e, nicolae_ashenzari_panopticon
D:4:      layout_basic

Skill      XL: |  1  2  3  4  5  6 |
---------------+-------------------+-----
Unarmed Combat | 4 5 |  5.1
Transmutations | 3 4 |  4.1
Dodging        | 2 |  2.5
Fighting       | 2 |  2.3
Spellcasting   | 3 |  3.2

Action                   |  1- 3 |  4- 6 || total
-------------------------+-------+-------++-------
Melee: Unarmed           |    70 |    40 ||   110
       Headbutt          |     9 |     8 ||    17
       Kick              |     9 |    23 ||    32
       Tailslap          |     3 |    17 ||    20
       Punch             |     2 |     2 ||     4
       Dagger            |     3 |   128 ||   131
Throw: Javelin           |       |     1 ||     1
 Cast: Beastly Appendage |    18 |    16 ||    34
 Abil: Rolling Charge    |    14 |    16 ||    30
  Use: Scroll            |       |     2 ||     2
       Potion            |       |     3 ||     3
Armor: Robe              |    27 |    56 ||    83
Dodge: Dodged            |    32 |    76 ||   108

Table legend: (Time is in decaauts)
 A = Elapsed time spent in this place.
 B = Non-inter-level travel time spent in this place.
 C = Inter-level travel time spent in this place.
 D = Time resting spent in this place.
 E = Time spent auto-exploring this place.
 F = Levels seen in this place.
 G = Mean time per level.
                   A        B        C        D        E       F      G
               +--------+--------+--------+--------+--------+-----+--------+
         Total |   4170 |   3885 |    285 |    440 |   2585 |   4 | 1042.5 |
       Dungeon |   4170 |   3885 |    285 |    440 |   2585 |   4 | 1042.5 |
               +--------+--------+--------+--------+--------+-----+--------+

Top non-repeatable levels by time:
     D:1: 1962 daAuts
     D:3: 1273 daAuts
     D:2: 879 daAuts
     D:4: 54 daAuts
